 Dungeon Crawl Stone Soup version 0.21-a0-538-gd16b88a (webtiles) character file.

41 Lasiace the Skirmisher (level 3, 0/40 HPs)
             Began as an Ogre Arcane Marksman on Dec 15, 2017.
             Slain by a quokka (2 damage)
             ... on level 2 of the Dungeon.
             The game lasted 00:05:20 (1856 turns).

Lasiace the Skirmisher (Ogre Arcane Marksman)       Turns: 1856, Time: 00:05:21

Health: 0/40       AC:  3    Str: 14    XL:     3   Next: 52%
Magic:  4/4        EV:  9    Int: 14    God:
Gold:   66         SH:  0    Dex: 10    Spells: 1/4 levels left

rFire    . . .     SeeInvis .   a - +1 mace (protect)
rCold    . . .     Gourm    .   (no shield)
rNeg     . . .     Faith    .   d - +0 robe
rPois    .         Spirit   .   (helmet restricted)
rElec    .         Reflect  .   (no cloak)
rCorr    .         Harm     .   (gloves unavailable)
MR       .....                  (boots unavailable)
Stlth    +.........             (no amulet)
HPRegen  0.13/turn              (no ring)
MPRegen  0.09/turn              (no ring)

@: heavily drained
A: large, unfitting armour, tough skin 1
a: no special abilities


You were on level 2 of the Dungeon.
You were not hungry.

You visited 1 branch of the dungeon, and saw 2 of its levels.

You collected 66 gold pieces.

Inventory:

Hand Weapons
 a - a +1 mace of protection (weapon)
 b - a +0 hunting sling
 q - a +2 dagger of electrocution
Missiles
 c - 2 large rocks (quivered) {@Q6}
 h - 2 throwing nets {=f !f}
Armour
 d - a +0 robe (worn)
Scrolls
 g - 3 scrolls of remove curse {unknown}
 i - a scroll of immolation {unknown}
 k - 2 scrolls of identify {unknown}
 m - a scroll of enchant armour {unknown}
Potions
 e - a potion of brilliance {unknown}
 j - a potion of haste {unknown}
 l - 2 potions of might {unknown}
 o - a potion of invisibility {unknown}
Books
 B - a book of Debilitation

   Spells                             Type                      Level
   a - Corona                         Hexes                        1
   b - Slow                           Hexes                        2
   c - Inner Flame                    Hexes/Fire                   3
   d - Portal Projectile              Hexes/Translocation          3
   e - Cause Fear                     Hexes                        4
   f - Leda's Liquefaction            Hexes/Earth                  4
Comestibles
 f - 2 bread rations
 p - 5 chunks of flesh


   Skills:
 + Level 4.4(3.3) Fighting
 - Level 2.0(0.9) Throwing
 - Level 1.7(0.6) Dodging
 - Level 1.2(0.1) Spellcasting
 - Level 2.6(1.5) Hexes


You had one spell level left.
You knew the following spells:

 Your Spells              Type           Power        Failure   Level  Hunger
a - Corona                Hex            #......      16%         1    ##.....
b - Slow                  Hex            #.......     22%         2    ###....


Dungeon Overview and Level Annotations

Branches:
Dungeon (2/15)

Altars:

Annotations:
D:2 Natasha, Terence


Innate Abilities, Weirdness & Mutations

You are too large for most types of armour.
You have tough skin. (AC +1)


Message History

* * * LOW HITPOINT WARNING * * *
Unknown command.
Unknown command.
Unknown command.
Unknown command.
Unknown command.
Throwing (i - inventory. (,) - cycle):
c - 4 large rocks (quivered)
{@Q6}
Press: ? - help, Shift-Dir - straight line, f - crimson imp
Aim: a crimson imp (summoned)
You throw a large rock {@Q6}.
The large rock {@Q6} hits the crimson imp but does no damage.
The crimson imp hits you but does no damage.
The crimson imp blinks!
Throwing (i - inventory. (,) - cycle):
c - 3 large rocks (quivered)
{@Q6}
Press: ? - help, Shift-Dir - straight line, f/p - crimson imp
Aim: a crimson imp (summoned)
You throw a large rock {@Q6}.
The large rock {@Q6} misses the crimson imp.
The quokka bites you.
You die...

..# #.# #.# #.#
##.## 5h. #r#
#.# #@#### #.#
#.5..## #.#
####..# #.#
##.# #.# #.#
#.#
.#####.###.#
#...........##
#######.####.##
........).#####


You could see Natasha, a crimson imp, a white imp and a quokka.

Vanquished Creatures
  An adder (D:2)
  An ooze (D:1)
  A worm (D:2)
  A dart slug (D:1)
  3 bats
  2 giant cockroaches (D:1)
  4 hobgoblins
  2 ball pythons (D:1)
  A frilled lizard (D:1)
  2 goblins (D:1)
  4 kobolds
  2 rats (D:1)
24 creatures vanquished.

Vanquished Creatures (others)
  3 plants (D:1)
3 creatures vanquished.

Grand Total: 27 creatures vanquished

Notes
Turn   | Place    | Note
-------+----------+-------------------------------------------
     0 | D:1      | Lasiace the Ogre Arcane Marksman began the quest for the Orb.
     0 | D:1      | Reached XP level 1. HP: 19/19 MP: 2/2
    51 | D:1      | Reached skill level 2 in Fighting
   390 | D:1      | Reached XP level 2. HP: 14/29 MP: 0/3
   558 | D:1      | Reached skill level 3 in Fighting
  1054 | D:1      | Learned a level 2 spell: Slow
  1256 | D:1      | Reached XP level 3. HP: 3/39 MP: 0/4
  1500 | D:2      | Noticed Terence
  1579 | D:2      | Reached skill level 4 in Fighting
  1846 | D:2      | Noticed Natasha
  1853 | D:2      | HP: 2/40 [white imp[Natasha] (4)]
  1856 | D:2      | Slain by a quokka

Vault maps used:
D:1:      roderic_crop_circles_arrival_large, roderic_serpentine_path
D:2:      uniq_terence, uniq_natasha, uniq_crazy_yiuf_cottage

Skill      XL: |  1  2  3 |
---------------+----------+-----
Fighting       | 2 3 4 |  4.4
Throwing       | |  2.0
Dodging        | |  1.7
Spellcasting   | |  1.2
Hexes          | |  2.6

Action                   || total
-------------------------++-------
Melee: Unarmed           ||    19
       Club              ||    57
       Dagger            ||    31
       Mace              ||    13
Throw: Large rock        ||     6
 Cast: Corona            ||    10
       Slow              ||     1
  Eat: Chunk             ||     4
Armor: Robe              ||    49
Dodge: Dodged            ||    62

Table legend:
 A = Spawn XP
 B = Non-spawn XP
 C = Spawn XP percentage of total XP
 D = Spawn monster count
 E = Non-spawn monster count
 F = Spawn count percentage of total count
 G = Total turns spent on level
                    A         B        C        D         E        F      G
               +---------+---------+-------+---------+---------+-------+---------
         Total |       0 |      59 |   0.0 |       0 |      24 |   0.0 |  1856
               +---------+---------+-------+---------+---------+-------+---------
           D:1 |       0 |      35 |   0.0 |       0 |      18 |   0.0 |  1513
           D:2 |       0 |      24 |   0.0 |       0 |       6 |   0.0 |   343
               +---------+---------+-------+---------+---------+-------+---------
